[Event "Titled Tuesday Blitz May 4 2021"]
[White "Perez Rodriguez, Jennifer"]
[Black "Eggleston, Thomas A"]
[WhiteFideId "3507831"]
[BlackFideId "412139"]
[WhiteElo "2170"]
[BlackElo "2174"]
[Result "1-0"]
[Round "03"]
[TimeControl "180+1"]
[Date "2021.05.04"]
[WhiteClock "0:00:15"]
[BlackClock "0:00:46"]

1. e4 e6 2. d4 d5 3. Bd3 c5 4. exd5 exd5 5. Nf3 Nf6 6. O-O c4 7. Re1+ Be7 8. Bf1 b5 9. b3 O-O 10. a4 cxb3 11. cxb3 b4 12. Ne5 Bf5 13. Bd3 Ne4 14. f3 Nd6 15. Bxf5 Nxf5 16. Qd3 Qb6 17. Bb2 g6 18. Nd2 Bf6 19. Kh1 Qd6 20. Rac1 a5 21. Nf1 Bg5 22. Rc2 f6 23. Ng4 Nc6 24. g3 Rfe8 25. Rxe8+ Rxe8 26. f4 Re1 27. Kg2 h5 28. Nge3 Nxe3+ 29. Nxe3 Bh6 30. Qxg6+ Bg7 31. Nf5 Qd7 32. Rxc6 Re2+ 33. Kh3 Rxb2 34. Rc8+ 1-0


[Site "https://www.chess.com"]

[Event "Titled Tuesday Blitz May 4 2021"]
[White "Perske, Thore"]
[Black "Deac, Bogdan-Daniel"]
[WhiteFideId "12902195"]
[BlackFideId "1226380"]
[WhiteElo "2315"]
[BlackElo "2605"]
[Result "0-1"]
[Round "03"]
[TimeControl "180+1"]
[Date "2021.05.04"]
[WhiteClock "0:00:11"]
[BlackClock "0:00:14"]

1. e4 e5 2. Nf3 Nc6 3. Bc4 d6 4. d3 Be7 5. Nbd2 Nf6 6. c3 O-O 7. Bb3 Nd7 8. d4 a5 9. O-O Nb6 10. a4 Bg4 11. h3 Bh5 12. Qc2 exd4 13. Nxd4 Bf6 14. Nb5 Be2 15. Re1 Bxb5 16. axb5 Ne5 17. f4 Ned7 18. Nf3 Nc5 19. Ba2 Re8 20. e5 dxe5 21. fxe5 Qd3 22. Qf2 Be7 23. Ng5 Rf8 24. Bb1 Bxg5 25. Bxd3 Nxd3 26. Qf5 Nxc1 27. Qxg5 Nd3 28. Re2 Nc5 29. Rd1 a4 30. Qe3 Ne6 31. Qf3 a3 32. bxa3 Rxa3 33. Qxb7 Rxc3 34. Rf1 Rc5 35. Ref2 Rxe5 36. Qf3 Rxb5 37. Qd3 Rd5 38. Qc2 Rd7 39. Rd2 Nd5 40. Qe4 c6 41. Qe5 Rb7 42. Rc1 Rb6 43. Rcd1 Ne7 44. Rd7 Ng6 45. Qe2 c5 46. R7d6 Rbb8 47. Rxe6 Nf4 48. Qe3 Nxe6 49. Rc1 Rbc8 50. Kh2 Rc7 51. Rc4 Rd8 52. h4 h6 53. g3 Rcd7 54. Kh3 Rd1 55. Rxc5 Nxc5 56. Qxc5 R1d3 57. Qe5 R3d5 58. Qf4 h5 59. Qc7 g6 60. Qf4 R8d6 61. Qf3 Kg7 62. Qe4 Rf5 63. Qe3 Rdf6 64. Qc3 Kh7 65. Qc7 Rf3 66. Qe7 R6f5 67. Kg2 Rb3 68. Qe2 Rff3 69. Qxf3 Rxf3 70. Kxf3 Kg7 71. Ke4 Kf6 72. Kf4 Ke6 73. Kg5 Ke5 74. g4 hxg4 75. Kxg4 f6 76. h5 gxh5+ 77. Kxh5 f5 78. Kh4 Kf4 79. Kh3 Kf3 80. Kh2 f4 81. Kg1 Ke2 82. Kg2 f3+ 83. Kg3 f2 84. Kh2 f1=Q 85. Kg3 Qf3+ 86. Kh2 Qg4 87. Kh1 Kf2 88. Kh2 Qh4# 0-1


[Site "https://www.chess.com"]

[Event "Titled Tuesday Blitz May 4 2021"]
[White "Petrova, Irina"]
[Black "Dowgird, Filip"]
[WhiteFideId "14124122"]
[BlackFideId "1121235"]
[WhiteElo "2022"]
[BlackElo "2209"]
[Result "0-1"]
[Round "03"]
[TimeControl "180+1"]
[Date "2021.05.04"]
[WhiteClock "0:00:01"]
[BlackClock "0:00:12"]

1. e4 d6 2. d4 Nf6 3. Nc3 c6 4. Nf3 Bg4 5. h3 Bh5 6. Bd3 e6 7. g4 Bg6 8. Bg5 Qb6 9. Qd2 Nbd7 10. O-O-O d5 11. exd5 cxd5 12. Ne5 Bb4 13. Bxf6 Nxf6 14. Bb5+ Ke7 15. Nxg6+ hxg6 16. Bd3 Rac8 17. g5 Ne8 18. Rhe1 Bxc3 19. bxc3 Nd6 20. Qe2 Rxc3 21. Qe5 Kf8 22. Kd2 Rc6 23. Rb1 Qa5+ 24. Ke2 Rxh3 25. Rb3 Qxa2 26. Rxb7 Nxb7 27. Qb8+ Ke7 28. Qxb7+ Kd6 29. Qb4+ Kc7 30. Qe7+ Kb8 31. Qb4+ Rb6 32. Qf8+ Kb7 33. Qxf7+ Kb8 34. Qf8+ Kb7 35. Qf7+ Ka8 36. Qf8+ Rb8 37. Qd6 Qa4 38. Kf1 Rh1+ 39. Ke2 Rxe1+ 40. Kxe1 Qa5+ 41. Ke2 Qb6 42. Qe5 Rb7 43. Bxg6 a6 44. Bd3 Ka7 45. g6 Rc7 46. f4 Rc6 47. f5 exf5 48. Qxf5 Rf6 49. Qd7+ Qb7 0-1


[Site "https://www.chess.com"]

[Event "Titled Tuesday Blitz May 4 2021"]
[White "Pinto, Daniel"]
[Black "Rodrigue-Lemieux, Shawn"]
[WhiteFideId "3303144"]
[BlackFideId "2620049"]
[WhiteElo "1936"]
[BlackElo "1763"]
[Result "0-1"]
[Round "03"]
[TimeControl "180+1"]
[Date "2021.05.04"]
[WhiteClock "0:00:01"]
[BlackClock "0:00:46"]

1. e4 c6 2. Nf3 d5 3. Nc3 Bg4 4. h3 Bxf3 5. Qxf3 Nf6 6. d4 dxe4 7. Nxe4 Qxd4 8. Bd3 Nbd7 9. Bf4 Ne5 10. Bxe5 Qxe5 11. O-O O-O-O 12. Nxf6 Qxf6 13. Qg4+ e6 14. b3 h5 15. Qe2 Bc5 16. Rad1 g5 17. g3 h4 18. g4 Qf4 19. Qe4 Bxf2+ 20. Kh1 Qxe4+ 21. Bxe4 Rxd1 22. Rxd1 Rd8 23. Bd3 Be3 24. Rf1 Bf4 25. Kg2 Kc7 26. Kf3 Rd5 27. Re1 Kd6 28. Re4 Re5 29. Rd4+ Kc7 30. Re4 Rxe4 31. Kxe4 Kd6 32. a4 Kc5 33. c3 Kd6 34. Bc2 Be5 35. Kd3 f5 36. Bd1 Bg3 37. Kd4 Bf2+ 38. Kd3 Ke5 39. gxf5 exf5 40. Bh5 Kf4 41. b4 g4 42. hxg4 fxg4 43. Bg6 h3 44. Be4 g3 45. b5 g2 46. bxc6 bxc6 47. Bxg2 hxg2 0-1


[Site "https://www.chess.com"]

[Event "Titled Tuesday Blitz May 4 2021"]
[White "Podetti, Davide"]
[Black "Salinas Herrera, Pablo"]
[WhiteFideId "893617"]
[BlackFideId "3407128"]
[WhiteElo "2131"]
[BlackElo "2541"]
[Result "0-1"]
[Round "03"]
[TimeControl "180+1"]
[Date "2021.05.04"]
[WhiteClock "0:00:12"]
[BlackClock "0:00:07"]

1. e4 c5 2. Nf3 e6 3. c4 Nc6 4. d4 cxd4 5. Nxd4 Nf6 6. Nc3 Bb4 7. Nxc6 bxc6 8. Bd3 e5 9. O-O O-O 10. Be3 d6 11. Qc2 Be6 12. a3 Ba5 13. f3 Bb6 14. Qf2 Bxe3 15. Qxe3 a5 16. b4 Rb8 17. Rab1 axb4 18. axb4 Nh5 19. Ne2 Qe7 20. Rfd1 Rfd8 21. Kh1 Qh4 22. Nc3 h6 23. b5 cxb5 24. cxb5 Nf6 25. b6 Nd7 26. Na4 d5 27. exd5 Bxd5 28. Bb5 Be6 29. Bxd7 Bxd7 30. Nc5 Bf5 31. Rxd8+ Qxd8 32. Re1 Qxb6 33. Qxe5 Qb4 34. Rd1 Bg6 35. Ne4 Kh7 36. Ng3 Qb3 37. Rf1 Rb5 38. Qf4 Qd3 39. Re1 Rb2 40. h3 Qc2 41. Rg1 Qf2 42. Kh2 Rb3 43. h4 h5 44. Rf1 Qc2 45. Qg5 Qd3 46. Nxh5 Qxf1 47. Nf4 Rb1 48. h5 Qh1+ 49. Kg3 Qe1+ 50. Kh2 Bc2 51. h6 Qh1+ 52. Kg3 Qxh6 53. Qxh6+ gxh6 54. Nd5 Bg6 55. Ne3 Rb3 56. Nc4 h5 57. Ne5 Rb5 58. Nd7 Kg7 59. f4 Bf5 60. Ne5 Rxe5 61. fxe5 Bg4 62. Kh4 Kf8 63. Kg5 Ke7 64. g3 Ke6 65. Kf4 Kd5 0-1


[Site "https://www.chess.com"]

[Event "Titled Tuesday Blitz May 4 2021"]
[White "Poghosyan, Suren"]
[Black "Bashirli, Saadat"]
[WhiteFideId "13303201"]
[BlackFideId "13429990"]
[WhiteElo "2314"]
[BlackElo "1153"]
[Result "1-0"]
[Round "03"]
[TimeControl "180+1"]
[Date "2021.05.04"]
[WhiteClock "0:00:14"]
[BlackClock "0:00:05"]

1. e4 c5 2. Nf3 g6 3. c3 Nf6 4. e5 Nd5 5. d4 cxd4 6. cxd4 Bg7 7. Nc3 Nxc3 8. bxc3 O-O 9. Bd3 d6 10. h3 dxe5 11. dxe5 Nc6 12. Bf4 Be6 13. O-O Qc7 14. Re1 Rfd8 15. Qe2 Na5 16. Rac1 Nc4 17. Rcd1 b5 18. Nd4 a6 19. a4 Rab8 20. Nxe6 fxe6 21. Bxc4 bxc4 22. Qg4 Qc6 23. a5 Rd5 24. Qg5 Rb7 25. Qh4 Rbd7 26. Rxd5 Qxd5 27. Qg4 Kf7 28. Bg3 Qd3 29. Re4 Qd1+ 30. Kh2 Qxg4 31. Rxg4 Rd5 32. Rf4+ Kg8 33. Rxc4 Rxa5 34. Rc8+ Kf7 35. c4 Bxe5 36. f4 Bd4 37. c5 Bf6 38. c6 Rc5 39. c7 Rc4 40. f5 a5 41. Rd8 e5 42. fxg6+ hxg6 43. c8=Q Rxc8 44. Rxc8 a4 45. Ra8 a3 46. Rxa3 e4 47. Re3 1-0


[Site "https://www.chess.com"]

[Event "Titled Tuesday Blitz May 4 2021"]
[White "Porter, Ryan W"]
[Black "Diaz Perez, Michel Alejandro"]
[WhiteFideId "2011239"]
[BlackFideId "3517179"]
[WhiteElo "2386"]
[BlackElo "2337"]
[Result "0-1"]
[Round "03"]
[TimeControl "180+1"]
[Date "2021.05.04"]
[WhiteClock "0:00:08"]
[BlackClock "0:00:51"]

1. c4 Nf6 2. Nf3 e6 3. Nc3 d5 4. e3 Bd6 5. d4 b6 6. b3 O-O 7. Bb2 Bb7 8. Be2 Nbd7 9. O-O a6 10. Qc2 Qe7 11. Rac1 Rad8 12. Rfd1 Rfe8 13. h3 h6 14. Qd2 dxc4 15. bxc4 e5 16. Qc2 e4 17. Nh2 c5 18. Ng4 Nxg4 19. Bxg4 Nf6 20. Be2 cxd4 21. exd4 e3 22. Bf1 Bb8 23. fxe3 Qc7 24. d5 Qh2+ 25. Kf2 Qg3+ 26. Kg1 Rxe3 27. Qf2 Qh2# 0-1


[Site "https://www.chess.com"]

[Event "Titled Tuesday Blitz May 4 2021"]
[White "Preotu, Razvan"]
[Black "Chen, Forest"]
[WhiteFideId "2613280"]
[BlackFideId "30908205"]
[WhiteElo "2407"]
[BlackElo "2508"]
[Result "1-0"]
[Round "03"]
[TimeControl "180+1"]
[Date "2021.05.04"]
[WhiteClock "0:00:04"]
[BlackClock "0:00:23"]

1. e4 c6 2. Nc3 d5 3. Nf3 Nf6 4. e5 Ne4 5. Ne2 Qb6 6. d4 Bg4 7. Nfg1 Bxe2 8. Nxe2 f6 9. f3 Ng5 10. h4 Nf7 11. f4 e6 12. g3 f5 13. h5 Bb4+ 14. c3 Be7 15. Bg2 Nd7 16. Bf3 O-O-O 17. b4 g5 18. a4 a5 19. b5 c5 20. dxc5 Bxc5 21. Nd4 gxf4 22. gxf4 Rhg8 23. Be3 Nfxe5 24. fxe5 Nxe5 25. Be2 Rdf8 26. Qd2 Ng4 27. Bg1 e5 28. Nf3 Nf2 29. Bxf2 Bxf2+ 30. Kd1 Be3 31. Qc2 e4 32. Nd4 f4 33. Bf1 Bxd4 34. cxd4+ Kb8 35. Qc5 Qf6 36. b6 e3 37. Bd3 Rg2 38. Qxa5 Rd2+ 39. Ke1 Kc8 40. Rc1+ Kd7 41. Qxd5+ Ke8 42. Rc8+ Ke7 43. Rc7+ Ke8 44. Qd7# 1-0


[Site "https://www.chess.com"]

[Event "Titled Tuesday Blitz May 4 2021"]
[White "Prohorov, Olexandr"]
[Black "Ortega Amarelle, Mariano"]
[WhiteFideId "14105578"]
[BlackFideId "3504301"]
[WhiteElo "2100"]
[BlackElo "2388"]
[Result "0-1"]
[Round "03"]
[TimeControl "180+1"]
[Date "2021.05.04"]
[WhiteClock "0:02:25"]
[BlackClock "0:01:54"]

1. e4 c5 2. c3 e6 3. d4 d5 4. exd5 Qxd5 5. Nf3 Nf6 6. Na3 Nc6 7. Nb5 Qd8 8. dxc5 Bxc5 9. Qxd8+ Kxd8 10. b4 Bb6 11. Be2 a6 12. Nd6 Ke7 13. Nxc8+ Raxc8 14. O-O Ne4 15. Bb2 Rhd8 16. Rfe1 Bxf2+ 17. Kf1 Bxe1 18. Kxe1 f6 19. a3 b5 20. c4 bxc4 21. Bxc4 Nxb4 0-1


[Site "https://www.chess.com"]

[Event "Titled Tuesday Blitz May 4 2021"]
[White "Prraneeth Vuppala"]
[Black "Luberanski, Jakub"]
[WhiteFideId "46622373"]
[BlackFideId "21830509"]
[WhiteElo "1759"]
[BlackElo "2078"]
[Result "1-0"]
[Round "03"]
[TimeControl "180+1"]
[Date "2021.05.04"]
[WhiteClock "0:01:32"]
[BlackClock "0:00:25"]

1. e4 e5 2. Nf3 Nc6 3. Bb5 f5 4. d3 fxe4 5. dxe4 Nf6 6. O-O Bc5 7. Nc3 O-O 8. Bxc6 dxc6 9. Qxd8 Rxd8 10. Nxe5 Bd4 11. Nd3 Bxc3 12. bxc3 Nxe4 13. Bf4 Bf5 14. Bxc7 Rd7 15. Be5 Re8 16. Bd4 b6 17. f3 Nd6 18. Rfe1 Rxe1+ 19. Rxe1 Nb5 20. Ne5 Re7 21. Bf2 Nxc3 22. Nxc6 Rxe1+ 23. Bxe1 Nxa2 24. Ne7+ Kf7 25. Nxf5 Kf6 1-0


[Site "https://www.chess.com"]

[Event "Titled Tuesday Blitz May 4 2021"]
[White "Ptacnikova, Lenka"]
[Black "Ezat, Mohamed"]
[WhiteFideId "305650"]
[BlackFideId "10600906"]
[WhiteElo "1984"]
[BlackElo "2417"]
[Result "1-0"]
[Round "03"]
[TimeControl "180+1"]
[Date "2021.05.04"]
[WhiteClock "0:00:04"]
[BlackClock "0:00:13"]

1. c4 Nf6 2. g3 e5 3. Bg2 Bb4 4. a3 Bc5 5. Nc3 O-O 6. e3 a5 7. b3 d6 8. Nge2 Bf5 9. Bxb7 Nbd7 10. O-O Bd3 11. Bxa8 Qxa8 12. f3 h5 13. Bb2 h4 14. gxh4 Qd8 15. Qe1 Nh5 16. Ne4 Ba7 17. Kh1 Qb8 18. b4 Bxc4 19. Bc3 a4 20. Rg1 g6 21. Qf2 Qd8 22. N2g3 Qxh4 23. Nxh5 Qxh5 24. Rg5 Qh6 25. Re1 d5 26. Reg1 dxe4 27. fxe4 Be6 28. R1g3 Kh7 29. Rg1 Rg8 30. Qf3 f6 31. R5g3 g5 32. d4 Kg7 33. dxe5 Kf7 34. exf6 g4 35. Qd1 Qg5 36. e5 Nxe5 37. Bxe5 Qxe5 38. Qd3 Bd5+ 39. R1g2 Bxg2+ 40. Rxg2 Rg6 41. Qc4+ Kxf6 42. Qc6+ Kg5 43. Qc4 Qxe3 44. Qxg4+ Kf6 45. Qxg6+ Ke5 46. Qe8+ Kd4 47. Qxe3+ Kxe3 48. Rg7 Bb6 49. Rd7 Ke4 50. h4 Ke5 51. h5 Ke6 52. Rd1 Be3 53. Re1 c5 54. Rxe3+ Kd5 55. bxc5 Kd4 56. Rh3 Ke4 57. Rh4+ Kd5 58. Rxa4 Kc6 59. Rb4 Kxc5 60. h6 Kd5 61. h7 Ke5 62. h8=Q+ Kf5 63. Qh5+ Kf6 64. Rb6+ Ke7 65. Qc5+ Kd7 66. Qc6+ Kd8 67. Qb7 Ke8 68. Ra6 Kf8 69. Ra8# 1-0


[Site "https://www.chess.com"]

[Event "Titled Tuesday Blitz May 4 2021"]
[White "Radu, David Cr."]
[Black "Baradaran, Arman"]
[WhiteFideId "1265717"]
[BlackFideId "880515"]
[WhiteElo "1596"]
[BlackElo "2132"]
[Result "1-0"]
[Round "03"]
[TimeControl "180+1"]
[Date "2021.05.04"]
[WhiteClock "0:00:17"]
[BlackClock "0:00:01"]

1. e4 e5 2. Nf3 Nc6 3. d4 exd4 4. Bc4 Bc5 5. Ng5 Ne5 6. Bxf7+ Kf8 7. Bb3 h6 8. Nf3 Nxf3+ 9. Qxf3+ Qf6 10. Qg3 Ne7 11. O-O Qg6 12. Qf4+ Qf6 13. Qxc7 d6 14. Nd2 b5 15. Nf3 Bg4 16. e5 Qg6 17. Nh4 Qh5 18. exd6 Qxh4 19. Qxc5 Nf5 20. Bf4 1-0


[Site "https://www.chess.com"]

[Event "Titled Tuesday Blitz May 4 2021"]
[White "Rakshitta, Ravi"]
[Black "Prithu Gupta"]
[WhiteFideId "25073230"]
[BlackFideId "46618546"]
[WhiteElo "1873"]
[BlackElo "1775"]
[Result "0-1"]
[Round "03"]
[TimeControl "180+1"]
[Date "2021.05.04"]
[WhiteClock "0:00:01"]
[BlackClock "0:00:06"]

1. e4 e5 2. Nf3 Nc6 3. Bc4 Nf6 4. O-O Bc5 5. d4 exd4 6. e5 d5 7. exf6 dxc4 8. fxg7 Rg8 9. Bg5 Qd5 10. Nc3 Qf5 11. Ne4 Rxg7 12. Nh4 Qxg5 13. Nxg5 Rxg5 14. Nf3 Rd5 15. Qd2 Be6 16. Ng5 O-O-O 17. Ne4 Bb6 18. c3 Bf5 19. Ng3 Bg6 20. cxd4 Nxd4 21. Qf4 Bc5 22. Rfe1 Bd6 23. Qg4+ Kb8 24. Rac1 Nc2 25. Qe2 Nxe1 26. Rxe1 Re5 27. Qf1 Rxe1 28. Qxe1 a5 29. h3 Bb4 30. Qe2 Bd3 31. Qe3 f5 32. Kh2 Bd6 33. Qg5 Rc8 34. h4 f4 35. Nf5 f3+ 36. g3 Bc5 37. Qf4 Bxf2 38. Qxf3 Bb6 39. Ne3 Re8 40. Nd5 Bc5 41. Nf6 Rc8 42. Kh3 Bd6 43. Nd7+ Ka7 44. Qf5 b6 45. Qb5 c3 46. bxc3 Bxb5 0-1


[Site "https://www.chess.com"]

[Event "Titled Tuesday Blitz May 4 2021"]
[White "Ravi, Thandalam Shanmugam"]
[Black "Izoria, Zviad"]
[WhiteFideId "5000238"]
[BlackFideId "13601733"]
[WhiteElo "2215"]
[BlackElo "2626"]
[Result "1-0"]
[Round "03"]
[TimeControl "180+1"]
[Date "2021.05.04"]
[WhiteClock "0:00:38"]
[BlackClock "0:00:01"]

1. e4 c6 2. d4 d5 3. exd5 cxd5 4. c4 Nf6 5. Nc3 e6 6. Nf3 Bb4 7. cxd5 Nxd5 8. Qc2 Nc6 9. a3 Ba5 10. Bd3 h6 11. O-O O-O 12. Rd1 Bd7 13. Ne4 Bb6 14. Qe2 Nxd4 15. Nxd4 Bxd4 16. Nd6 Ba4 17. Qe4 Nf6 18. Qxd4 Bxd1 19. Bxh6 Qb6 20. Qe5 Qxf2+ 21. Kh1 Qh4 22. Bg5 Ng4 23. Qf4 Qe1+ 24. Bf1 1-0


[Site "https://www.chess.com"]

[Event "Titled Tuesday Blitz May 4 2021"]
[White "Redzisz, Michal"]
[Black "Paasikangas, Johanna"]
[WhiteFideId "21816107"]
[BlackFideId "500879"]
[WhiteElo "1866"]
[BlackElo "2136"]
[Result "1-0"]
[Round "03"]
[TimeControl "180+1"]
[Date "2021.05.04"]
[WhiteClock "0:02:33"]
[BlackClock "0:02:22"]

1. e4 c5 2. Nf3 d6 3. d4 cxd4 4. Qxd4 Nf6 5. Nc3 Nc6 6. Bb5 Bd7 7. Bxc6 Bxc6 8. Bg5 e5 9. Qd3 Qd7 10. O-O-O O-O-O 11. Qe3 1-0


[Site "https://www.chess.com"]

[Event "Titled Tuesday Blitz May 4 2021"]
[White "Region_07"]
[Black "Gelman, Alexander"]
[BlackFideId "4118316"]
[WhiteElo "2363"]
[BlackElo "2375"]
[Result "1/2-1/2"]
[Round "03"]
[TimeControl "180+1"]
[Date "2021.05.04"]
[WhiteClock "0:00:06"]
[BlackClock "0:00:01"]

1. f4 c5 2. Nf3 d6 3. d3 Nc6 4. g3 e6 5. e4 Nf6 6. Bg2 Be7 7. O-O O-O 8. Nc3 Rb8 9. a4 a6 10. d4 cxd4 11. Nxd4 Bd7 12. Be3 Qc7 13. Nb3 Na5 14. Nxa5 Qxa5 15. g4 h6 16. h3 Bc6 17. Qe1 Qc7 18. Qf2 b5 19. axb5 axb5 20. g5 hxg5 21. fxg5 Nd7 22. Ra7 Rb7 23. Rxb7 Qxb7 24. g6 fxg6 25. Qg3 Rxf1+ 26. Bxf1 Ne5 27. Bg2 b4 28. Ne2 Bxe4 29. Nd4 Bxg2 30. Qxg2 Qxg2+ 31. Kxg2 Kf7 32. b3 d5 33. Bf4 Nd7 34. Nc6 Nc5 35. Bd2 Ne4 36. Bxb4 Bxb4 37. Nxb4 Ke7 38. Kf3 Kd6 39. Nd3 e5 40. c4 Nd2+ 41. Ke3 Nxb3 42. cxd5 Kxd5 43. Nf2 Nd4 44. Ne4 Ke6 45. Ng5+ Kf5 46. Ne4 Ne6 47. Nd6+ Kg5 48. Ke4 Nf4 49. Kxe5 Nxh3 50. Ne8 Kh6 51. Ke4 Ng5+ 52. Kf4 Nh7 53. Kg3 Nf6 54. Nd6 g5 55. Nf5+ Kg6 56. Ne7+ Kf7 57. Nc6 Ke6 58. Nd4+ Ke5 59. Nf3+ Kf5 60. Nd4+ Kg6 61. Nf3 Kh5 62. Ne5 g4 63. Nf7 g5 64. Nd6 Kg6 65. Nc4 Kf5 66. Nd6+ Ke5 67. Nc4+ Ke4 68. Nb6 Kf5 69. Nc8 Ne4+ 70. Kg2 Kf4 71. Ne7 g3 72. Ng6+ Kg4 73. Ne7 Nc3 74. Nd5 Nxd5 75. Kg1 Kf3 76. Kh1 g2+ 77. Kg1 Nc3 78. Kh2 Kf2 79. Kh3 1/2-1/2


[Site "https://www.chess.com"]

[Event "Titled Tuesday Blitz May 4 2021"]
[White "Reinaldovera"]
[Black "Domingo Nunez, Alejandro"]
[BlackFideId "22245561"]
[WhiteElo "2297"]
[BlackElo "2269"]
[Result "1-0"]
[Round "03"]
[TimeControl "180+1"]
[Date "2021.05.04"]
[WhiteClock "0:00:06"]
[BlackClock "0:00:02"]

1. d4 Nf6 2. c4 e6 3. Nc3 Bb4 4. Qc2 Bxc3+ 5. Qxc3 O-O 6. e3 b6 7. Nf3 Bb7 8. Be2 d6 9. b4 Ne4 10. Qc2 a5 11. b5 Nd7 12. Bb2 f5 13. O-O Ng5 14. d5 Nxf3+ 15. Bxf3 e5 16. Be2 f4 17. Bd3 h6 18. exf4 Rxf4 19. g3 Rf8 20. f4 exf4 21. gxf4 Qh4 22. Bf5 Nc5 23. Rae1 Bc8 24. Bh7+ Kh8 25. Qg6 Qg4+ 26. Qxg4 Bxg4 27. Re7 Rf6 28. Bxf6 gxf6 29. Rxc7 Re8 30. Bg6 Re2 31. Rf2 Re1+ 32. Kg2 Re3 33. Rd2 Kg8 34. Kf2 Rh3 35. Kg1 Re3 36. Rg2 Bh3 37. Rg3 1-0


[Site "https://www.chess.com"]

[Event "Titled Tuesday Blitz May 4 2021"]
[White "Remolar Gallen, Jose"]
[Black "Belous, Vladimir"]
[WhiteFideId "2215187"]
[BlackFideId "4174003"]
[WhiteElo "2203"]
[BlackElo "2583"]
[Result "0-1"]
[Round "03"]
[TimeControl "180+1"]
[Date "2021.05.04"]
[WhiteClock "0:00:10"]
[BlackClock "0:01:34"]

1. d4 Nf6 2. c4 g6 3. Nc3 Bg7 4. Nf3 O-O 5. g3 d6 6. Bg2 Nbd7 7. O-O e5 8. h3 Rb8 9. e4 exd4 10. Nxd4 a6 11. Re1 Ne5 12. b3 c5 13. Nc2 b5 14. cxb5 axb5 15. Bb2 b4 16. Na4 Bd7 17. Qxd6 Ne8 18. Qd2 Bxa4 19. Qxd8 Rxd8 20. bxa4 Rd2 21. Rac1 Nf3+ 22. Bxf3 Bxb2 23. Ne3 Bxc1 24. Rxc1 Rxa2 25. Rxc5 Rxa4 26. e5 Ng7 27. Rb5 Nf5 28. Nxf5 gxf5 29. Bd5 Re8 30. Kg2 Kg7 31. f4 Rd8 32. h4 h5 33. Kh3 Ra1 34. Bf3 Rd2 35. Bxh5 Rh1# 0-1


[Site "https://www.chess.com"]

[Event "Titled Tuesday Blitz May 4 2021"]
[White "Reprintsev, Alexander"]
[Black "Zaichenko, Daria"]
[WhiteFideId "14100541"]
[BlackFideId "4197453"]
[WhiteElo "2194"]
[BlackElo "2039"]
[Result "0-1"]
[Round "03"]
[TimeControl "180+1"]
[Date "2021.05.04"]
[WhiteClock "0:00:01"]
[BlackClock "0:00:08"]

1. e4 c5 2. b3 d6 3. Bb2 Nf6 4. Bxf6 exf6 5. Bd3 Be7 6. Nc3 O-O 7. Nge2 Nc6 8. O-O Ne5 9. Ng3 Nxd3 10. cxd3 Be6 11. f4 a6 12. f5 Bd7 13. Qh5 g6 14. Qh6 Re8 15. Nd5 Bf8 16. Qh4 g5 17. Qg4 Bg7 18. Nh5 Bc6 19. h4 Bxd5 20. exd5 h6 21. Rae1 Qd7 22. d4 cxd4 23. Qxd4 Re5 24. Rxe5 dxe5 25. Qd3 Rd8 26. Rc1 Qxd5 27. Qxd5 Rxd5 28. Rc8+ Kh7 29. Rc7 Kg8 30. Rxb7 Rxd2 31. a4 Rb2 32. a5 gxh4 33. Rb4 Kh7 34. Rb7 Kg8 35. Kh2 Rf2 36. Rb6 Rb2 37. Kh3 e4 38. Kxh4 e3 39. Kg3 e2 40. Kf2 Bf8 41. Nxf6+ Kg7 42. Nh5+ Kh7 43. Nf6+ Kg7 44. Ne4 Be7 45. g3 h5 46. Rxa6 Bb4 47. f6+ Kg6 48. Ke3 e1=Q+ 49. Kd4 Qd1+ 50. Ke5 Qe2 51. Ra8 Bc3+ 52. Kd5 Rd2+ 53. Nxd2 Qxd2+ 54. Kc6 Qd4 0-1


[Site "https://www.chess.com"]

[Event "Titled Tuesday Blitz May 4 2021"]
[White "Rios Parra, Alejandro"]
[Black "Havanecz, Bianka"]
[WhiteFideId "4400348"]
[BlackFideId "704814"]
[WhiteElo "2188"]
[BlackElo "2337"]
[Result "1-0"]
[Round "03"]
[TimeControl "180+1"]
[Date "2021.05.04"]
[WhiteClock "0:00:07"]
[BlackClock "0:00:01"]

1. e4 c6 2. d4 d5 3. Nc3 dxe4 4. Nxe4 Nf6 5. Nxf6+ exf6 6. Bc4 Bd6 7. Qe2+ Qe7 8. Qxe7+ Bxe7 9. Ne2 O-O 10. Bf4 Bf5 11. O-O-O b5 12. Bb3 a5 13. c3 b4 14. c4 a4 15. Bc2 Be6 16. Bd3 Rd8 17. Rhe1 f5 18. Kb1 Bf6 19. Be5 Nd7 20. f4 Bxe5 21. fxe5 Nb6 22. Rc1 g6 23. h4 h5 24. Red1 Kg7 25. Rd2 Rd7 26. g3 f6 27. exf6+ Kxf6 28. Nf4 Bf7 29. Be2 Rad8 30. c5 Nd5 31. Nxd5+ Bxd5 32. Bd1 Be4+ 33. Ka1 a3 34. Rc4 axb2+ 35. Kxb2 Rb7 36. Bb3 Bd5 37. Rc1 Be4 38. Rc4 Bd5 39. Rc1 Be4 40. Bc4 Rbd7 41. Rcd1 Bf3 42. Rf1 Bg4 43. Rf4 Bh3 44. Kb3 Rb7 45. Re2 Re7 46. Rxe7 Kxe7 47. Kxb4 Bg2 48. a4 Rb8+ 49. Ka3 Be4 50. a5 Rd8 51. a6 Rxd4 52. Kb4 Rd8 53. Ka5 Ra8 54. Kb6 Rb8+ 55. Kc7 Ra8 56. Kb7 Rd8 57. a7 Rd7+ 58. Kb6 Rd8 59. Ba6 Kf6 60. Bb7 1-0


[Site "https://www.chess.com"]

[Event "Titled Tuesday Blitz May 4 2021"]
[White "Rodin, Mihail"]
[Black "Kazakouski, Valery"]
[WhiteFideId "4113160"]
[BlackFideId "13507443"]
[WhiteElo "2368"]
[BlackElo "2546"]
[Result "1-0"]
[Round "03"]
[TimeControl "180+1"]
[Date "2021.05.04"]
[WhiteClock "0:01:07"]
[BlackClock "0:00:03"]

1. e4 c5 2. Nf3 a6 3. d4 cxd4 4. Nxd4 Nf6 5. Nc3 e5 6. Nf3 Bb4 7. Bg5 d6 8. Bd3 Bxc3+ 9. bxc3 Nbd7 10. O-O h6 11. Be3 Qc7 12. c4 O-O 13. Re1 Nc5 14. Nd2 Ng4 15. Nf1 Nxe3 16. Nxe3 Be6 17. Rb1 Rac8 18. f3 Qa5 19. Rb2 g6 20. Bf1 Qa3 21. Qb1 f5 22. exf5 gxf5 23. Rb6 Rcd8 24. Nd5 Bxd5 25. cxd5 Rf7 26. Qc1 Qxc1 27. Rxc1 Rc7 28. c4 Kf7 29. Kf2 Kf6 30. Ke3 Ke7 31. g3 Rf8 32. Rcb1 f4+ 33. Ke2 fxg3 34. hxg3 Rg8 35. g4 Rf8 36. Ke3 Rf4 37. Be2 Rf6 38. Rh1 Rc8 39. Rh5 Rg8 40. Rb1 Rg5 41. Rh4 Rgg6 42. Rbh1 Kd7 43. Bd1 e4 44. f4 Kc7 45. f5 Rg7 46. Rxh6 Rff7 47. Rg6 Rxg6 48. fxg6 Re7 49. Rh7 Kd8 50. g7 1-0


[Site "https://www.chess.com"]

[Event "Titled Tuesday Blitz May 4 2021"]
[White "Roebers, Jan"]
[Black "Obsivac, Josef"]
[WhiteFideId "1007815"]
[BlackFideId "303690"]
[WhiteElo "2189"]
[BlackElo "2199"]
[Result "0-1"]
[Round "03"]
[TimeControl "180+1"]
[Date "2021.05.04"]
[WhiteClock "0:00:01"]
[BlackClock "0:00:20"]

1. e4 c5 2. Nf3 d6 3. Nc3 Nf6 4. e5 dxe5 5. Nxe5 Nbd7 6. Nc4 e6 7. g3 Be7 8. Bg2 O-O 9. d3 Rb8 10. Bf4 Ra8 11. O-O Nb6 12. a4 Nbd5 13. Nxd5 Nxd5 14. Bd2 Bf6 15. Re1 b6 16. Rb1 Bb7 17. Qh5 Qc7 18. Bg5 Bd4 19. Ne3 g6 20. Qh4 Nxe3 21. Bxe3 Bg7 22. Bxb7 Qxb7 23. Bh6 Rfd8 24. Bxg7 Kxg7 25. Qe4 Qxe4 26. Rxe4 Rd5 27. b4 Rc8 28. Rc4 Rd4 29. Rc3 c4 30. dxc4 Rdxc4 31. Rxc4 Rxc4 32. Rb2 Kf6 33. Kf1 Ke5 34. Ke2 Kd4 35. Kd2 Rc3 36. Ra2 e5 37. b5 Rf3 38. Ke2 e4 39. a5 Kc5 40. axb6 axb6 41. Ra4 f5 42. c4 h5 43. Ra7 Kxc4 44. Rg7 Kxb5 45. Rxg6 Kc5 46. Rg5 b5 47. Rxh5 b4 48. Rh8 Ra3 49. Rc8+ Kd4 50. Rb8 Ra2+ 51. Ke1 Kc3 52. Rc8+ Kb2 53. Rc5 b3 54. Rxf5 Ka1 55. Rb5 b2 0-1


[Site "https://www.chess.com"]